 Dungeon Crawl Stone Soup version 0.28-a0-724-g66f9036eb4 (webtiles) character file.

Game seed: 18073959047816410015

13 lunkers the Skirmisher (level 2, -3/25 HPs)
             Began as a Djinni Cinder Acolyte on Oct 26, 2021.
             Was a High Priest of Ignis.
             Slain by an iguana (7 damage)
             ... on level 1 of the Dungeon.
             The game lasted 00:01:23 (853 turns).

lunkers the Skirmisher (Djinni Cinder Acolyte)       Turns: 853, Time: 00:01:24

Health: -3/25      AC:  2    Str: 13    XL:     2   Next: 50%
Gold:   42         EV: 11    Int: 15    God:    Ignis [*****.] SH:  0 Dex:  8

rFire   + + +      SeeInvis .   a - -1 falchion (flame)
rCold   x . .      Faith    .   (no shield)
rNeg    . . .      Spirit   .   b - +0 robe
rPois   ∞          Reflect  .   (no helmet)
rElec   .          Harm     .   (no cloak)
rCorr   .          Rampage  .   (no gloves)
Will    .....                   (boots unavailable)
Stlth   +.........              (no amulet)
HPRegen 0.08/turn               (no ring)
MPRegen 0.00/turn               (no ring)

@: flying
A: sickness immunity, fire resistance 2, cold vulnerability 1, float, innate
caster, hp casting, extra vitality 1
a: Renounce Religion, Sea of Fire, Foxfire Swarm, Rising Flame


You were on level 1 of the Dungeon.
You worshipped Ignis.
Ignis was extremely pleased with you.
You visited 1 branch of the dungeon, and saw 2 of its levels.

You collected 42 gold pieces.

Inventory:

Hand Weapons
 a - a -1 falchion of flaming (weapon)
Armour
 b - a +0 robe (worn)
Scrolls
 e - 2 scrolls of identify {unknown}
Potions
 c - a potion of might {unknown}
 d - a potion of attraction {unknown}
 f - a potion of haste {unknown}
 g - a potion of brilliance {unknown}


   Skills:
 + Level 3.2 Fighting
 - Level 2.6 Long Blades
 * Level 2.8 Spellcasting


You had 4 spell levels left.
You knew the following spells:

 Your Spells              Type           Power      Damage    Failure   Level
p - Scorch                Fire           20%        2d6       10%         2
Your spell library was empty.

Dungeon Overview and Level Annotations

Branches:
Dungeon (2/15)

Altars:


Innate Abilities, Weirdness & Mutations

You are immune to sickness and miasma.
You are immune to poison.
Your flesh is very heat resistant. (rF++)
You are vulnerable to cold. (rC-)
You float through the air rather than walking.
You learn spells naturally, not from books.
Your magical power is your life essence.
You have superior vitality. (+4 HP)


Message History

There is a stone staircase leading down here.
You fly downwards.
Found a stone staircase leading up.
There is a stone staircase leading up here.
A rat is nearby!
You barely miss the rat. The rat bites you but does no damage.
You hit the rat. You burn the rat.
You kill the rat!
No target in view!
No target in view!
No target in view!
No target in view!
No target in view!
No target in view!
There is a stone staircase leading up here.
An iguana comes into view.
The iguana hisses angrily.
An iguana is nearby!
An iguana is nearby!
The iguana barely misses you.
You hit the iguana but do no damage. The iguana completely misses you.
You hit the iguana but do no damage. The iguana closely misses you.
You barely miss the iguana. The iguana bites you!
* * * LOW HITPOINT WARNING * * *
There is a stone staircase leading up here.
The iguana bites you!
* * * LOW HITPOINT WARNING * * *
You fly upwards.
There is a stone staircase leading down here.
Unknown command.
The iguana barely misses you.
You see here a +0 club.
The iguana bites you.
* * * LOW HITPOINT WARNING * * *
You see here a +0 whip.
The iguana bites you!
* * * LOW HITPOINT WARNING * * *
There is a stone staircase leading down here.
The iguana bites you!
You die...

#.######...#### ##.#
#.## #.# ..#
##.....#####..# #..##
#.# ..# ##.##.#.....##
##..# #.. ###
#......##### ##.# #..
###.....# #.# #..
####..###### #.# ##..
#.....#.^..####.# #...
#.###...##...##.###...
########.#
#@l...##..#.#.....
#........#
##............###.
#........#
##.#...#.#.#.....
#........#
#.###.#.#)..##..
#........# #.#
#.#.....)...
#........# #.#
#.###..##.#.
#........# #.#
#.###..##.##
#........# #.#
#.#...###.# ###..#####
#.# #...#.# #.#


You could see an iguana.

Vanquished Creatures
  3 bats (D:1)
  An endoplasm (D:1)
  A goblin (D:1)
  A hobgoblin (D:1)
  A kobold (D:1)
  A quokka (D:1)
  4 rats
12 creatures vanquished.

Notes
Turn   | Place    | Note
-------+----------+-------------------------------------------
     0 | D:1      | lunkers the Djinni Cinder Acolyte began the quest for the
                  | Orb.
     0 | D:1      | Reached XP level 1. HP: 20/20 MP: 0/0
   213 | D:1      | Reached XP level 2. HP: 23/25 MP: 0/0
   254 | D:1      | Found a faded altar of an unknown god.
   818 | D:1      | HP: 1/25 [iguana (7)]
   853 | D:1      | Slain by an iguana

Illustrated notes

Levels and vault maps discovered:
D:1:      saegor_arrival_simple_a, layout_rooms,
          hellmonk_ecumenical_altar_pennies_from_heaven
D:2:      layout_loops_ring, serial_shops, nicolae_shop_stone, shop_fountains,
          shop, grunt_decor_cap, chequers_decorated_corner, uniq_sigmund

Action                   || total
-------------------------++-------
Melee: Falchion          ||    34
Armor: Robe              ||     8
Dodge: Dodged            ||    24

Table legend: (Time is in decaauts)
 A = Elapsed time spent in this place.
 B = Non-inter-level travel time spent in this place.
 C = Inter-level travel time spent in this place.
 D = Time resting spent in this place.
 E = Time spent auto-exploring this place.
 F = Levels seen in this place.
 G = Mean time per level.
                   A        B        C        D        E       F      G
               +--------+--------+--------+--------+--------+-----+--------+
         Total |    858 |    836 |     22 |      0 |    606 |   2 |  429.0 |
       Dungeon |    858 |    836 |     22 |      0 |    606 |   2 |  429.0 |
               +--------+--------+--------+--------+--------+-----+--------+

Top non-repeatable levels by time:
     D:1: 822 daAuts
     D:2: 36 daAuts
